AoeStats
← kjubab

Four Lakes

509829649Analyzed
1v1 RM · 4d ago on Sep 28, 2026· 42m 55s· 2 players
Game mode
Random Map
Map size
Tiny (2 player)
Population
200
Speed
Normal
Resources
Standard
Victory
Conquest
Starting age
Dark Age
Ending age
Imperial Age
RankedLock teamsTeams togetherTeam positionsShared explorationLock speedFull tech treeHidden civsTurbo modeCheats
Victory
Defeat
🇫🇷 Byzantines · France
1113
+15
🇨🇿 Khmer · Czechia
1097
-15
kjubab
10:13 Feudal Age
8:33 Loom
13:33 Castle Age
14:48 Bloodlines
14:40 Husbandry
15:30 Double-Bit Axe
19:59 Scale Barding Armor
20:49 Forging
21:03 Chain Barding Armor
22:51 Forging
24:13 Iron Casting
26:01 Horse Collar
FauneMontagne91
10:34 Feudal Age
11:40 Double-Bit Axe
14:43 Gold Mining
17:08 Castle Age
16:54 Fishing Lines
18:16 Bow Saw
18:36 Scale Barding Armor
19:18 Forging
19:36 Gillnets
21:33 Chain Barding Armor
24:56 Husbandry
26:22 Iron Casting
26:19 Horse Collar
31:20 Imperial Age
29:27 Wheelbarrow
29:46 Fletching
30:01 Elite Skirmisher
30:01 Crossbowman
32:05 Ballistics
31:49 Bodkin Arrow
31:25 Heavy Camel Rider
32:05 Arbalester
35:32 Hand Cart
36:45 Chemistry
37:26 Two-Man Saw
37:04 Gold Shaft Mining
39:38 Plate Barding Armor
Connection lost

Rejoining the realm…

Still unreachable

The connection could not be restored.

Session expired

The server has moved on; the page needs a fresh start.